 Dungeon Crawl Stone Soup version 0.29-a0-106-g0a07039d5a (webtiles) character file.

Game seed: 14760634700352845473

1311 being54 the Poker (level 8, -2/67 HPs)
             Began as a Gnoll Cinder Acolyte on Feb 16, 2022.
             Was a High Priest of Ignis.
             Shot with an arrow by a centaur (4 damage)
             ... on level 5 of the Dungeon.
             The game lasted 00:10:16 (4514 turns).

being54 the Poker (Gnoll Cinder Acolyte)            Turns: 4514, Time: 00:10:16

Health: -2/67      AC: 13    Str: 17    XL:     8   Next: 58%
Magic:  23/23      EV:  5    Int: 13    God:    Ignis [*****.]
Gold:   212        SH:  0    Dex:  7    Spells: 15/15 levels left

rFire   + . .      SeeInvis +   e - +9 mace "Jellyslayer" {drain, Drain rPois rN++ MP+9}
rCold   . . .      Faith    .   (no shield)
rNeg    + + .      Spirit   .   d - +1 plate armour
rPois   +          Reflect  .   n - +0 helmet {SInv}
rElec   .          Harm     .   (no cloak)
rCorr   .          Rampage  .   (no gloves)
Will    .....                   (no boots)
Stlth   ..........              (no amulet)
HPRegen 0.21/turn               (no ring)
MPRegen 0.18/turn               (no ring)

@: studying Armour
A: fangs 1, strong nose, distributed training
a: Renounce Religion, Fiery Armour, Foxfire Swarm, Rising Flame


You were on level 5 of the Dungeon.
You worshipped Ignis.
Ignis was extremely pleased with you.
You visited 1 branch of the dungeon, and saw 5 of its levels.

You collected 212 gold pieces.

Inventory:

Hand Weapons
 e - the +9 mace "Jellyslayer" (weapon) {drain, Drain rPois rN++ MP+9}
   (You found it on level 2 of the Dungeon)

   A truly terrible weapon, it drains the life of any living foe it strikes.
   rPois:     It protects you from poison.
   rN:        It greatly protects you from negative energy.
   MP:        It affects your magic capacity (+9).
   Drain:     It drains your maximum health when unequipped.
Armour
 d - a +1 plate armour (worn)
 n - a +0 helmet of see invisible (worn)
Jewellery
 i - a +6 ring of strength
 j - a +6 ring of dexterity
Wands
 h - a wand of flame (49)
 l - a wand of polymorph (4)
Scrolls
 g - a scroll of enchant weapon
Potions
 a - a potion of flight
 b - a potion of heal wounds
 c - a potion of curing
 f - a potion of resistance
 k - a potion of magic
 o - 2 potions of attraction
 q - a potion of degeneration {unknown}


   Skills:
 + Level 7.4 Fighting
 + Level 3.4 Short Blades
 + Level 3.4 Long Blades
 + Level 3.4 Axes
 + Level 3.4 Maces & Flails
 + Level 7.4 Polearms
 + Level 3.4 Staves
 + Level 3.4 Slings
 + Level 3.4 Bows
 + Level 3.4 Crossbows
 + Level 3.4 Throwing
 + Level 3.6 Armour
 + Level 3.4 Dodging
 + Level 3.4 Stealth
 + Level 3.4 Shields
 + Level 3.4 Unarmed Combat
 + Level 4.4 Spellcasting
 + Level 2.7 Conjurations
 + Level 2.7 Hexes
 + Level 2.7 Summonings
 + Level 2.7 Necromancy
 + Level 2.7 Translocations
 + Level 2.7 Transmutations
 + Level 6.2 Fire Magic
 + Level 2.7 Ice Magic
 + Level 2.7 Air Magic
 + Level 2.7 Earth Magic
 + Level 2.7 Poison Magic
 + Level 3.7 Invocations
 + Level 3.4 Evocations


You had 15 spell levels left.
You didn't know any spells.
Your spell library contained the following spells:

 Spells                   Type           Power      Damage    Failure   Level
 Scorch                   Fire           38%        2d7       75%         2
 Beastly Appendage        Tmut           20%        N/A       97%         1
 Shock                    Conj/Air       40%        1d5       97%         1
 Wereblood                Tmut           10%        N/A       99%         2
 Spider Form              Tmut/Pois      10%        N/A       100%        3
 Swiftness                Air            10%        N/A       100%        3
 Airstrike                Air            5%         N/A       100%        4


Dungeon Overview and Level Annotations

Branches:
Dungeon (5/15)
 Temple: D:4-7

Altars:
Fedhas
Yredelemnul


Innate Abilities, Weirdness & Mutations

You have very sharp teeth.
Your uncanny sense of smell can sniff out nearby items.
Your experience applies equally to all skills.


Message History

You sock the bush! You drain the bush.
The bush is moderately damaged.
The centaur shoots an arrow.
The arrow hits you.
You hit the bush. You drain the bush. You bite the bush, but do no damage.
The bush is moderately damaged.
The centaur shoots an arrow.
The arrow barely misses you.
The centaur shoots an arrow.
The arrow closely misses you.
You hit the bush.
The bush is moderately damaged.
The centaur shoots an arrow.
The arrow hits you.
The centaur shoots an arrow.
The arrow hits you but does no damage.
You hit the bush. You drain the bush.
The bush is heavily damaged.
The centaur shoots an arrow.
The arrow barely misses you.
The centaur shoots an arrow.
The arrow barely misses you.
You completely miss the bush.
The bush is heavily damaged.
The centaur shoots an arrow.
The arrow hits you.
* * * LOW HITPOINT WARNING * * *
The centaur shoots an arrow.
The arrow hits you.
* * * LOW HITPOINT WARNING * * *
You hit the bush but do no damage.
The bush is heavily damaged.
The centaur shoots an arrow.
The arrow hits you.
* * * LOW HITPOINT WARNING * * *
The arrow burns you.
* * * LOW HITPOINT WARNING * * *
You hit the bush but do no damage.
The bush is heavily damaged.
The centaur unwields a +0 shortbow of flaming.
It stops flaming.
The centaur hits the bush but does no damage.
The centaur kicks the bush but does no damage.
The centaur wields a +0 shortbow of flaming.
It bursts into flame!
The centaur shoots an arrow.
The arrow hits you.
* * * LOW HITPOINT WARNING * * *
The centaur shoots an arrow.
The arrow hits you.
* * * LOW HITPOINT WARNING * * *
The centaur shoots an arrow.
The arrow hits you.
You die...

#.# #.# #. .# #.. ..
.## ### #. .. ...# #.
.# #..# ###.###.# #..#
.......# #..#
#.##.####..#
#.@........#
#...PPPP....########
.......PcPPP...#......#
##.#[#.PP_PP.#.........
#.......PP..###.####.#
#####.PPP...# #.#
##.##.### #.# .##. #.#
#.#####.####.#


You could see a centaur.

Vanquished Creatures
  Menkaure (D:4)
  Duvessa (D:4)
  Pargi (D:4)
  A black bear (D:2)
  A necrophage (D:5)
  A scorpion (D:4)
  Dowan (D:4)
  A water moccasin skeleton (D:5)
  5 killer bees (D:4)
  A centaur zombie (D:4)
  An orc priest (D:5)
  Crazy Yiuf (D:3)
  An iguana (D:5)
  Jessica (D:3)
  Ijyb (D:3)
  2 orc wizards (D:3)
  Terence (D:3)
  2 hound skeletons
  Robin (D:3)
  7 adders
  2 worms
  3 dart slugs (D:1)
  9 orcs
  5 bats
  9 endoplasms
  3 giant cockroaches
  13 goblins
  9 hobgoblins
  7 jackals
  4 kobolds
  A quokka (D:4)
  9 ball pythons
  3 frilled lizards
  7 rats
116 creatures vanquished.

Notes
Turn   | Place    | Note
-------+----------+-------------------------------------------
     0 | D:1      | being54 the Gnoll Cinder Acolyte began the quest for the
                  | Orb.
     0 | D:1      | Reached XP level 1. HP: 23/23 MP: 4/4
    81 | D:1      | Reached XP level 2. HP: 22/29 MP: 5/5
   264 | D:1      | Found a faded altar of an unknown god.
   574 | D:1      | Reached XP level 3. HP: 35/35 MP: 7/7
   797 | D:2      | Identified the +9 mace "Jellyslayer" {drain, Drain rPois
                  | rN++ MP+9}
   920 | D:2      | Noticed a black bear
   929 | D:2      | Killed a black bear
   930 | D:2      | Reached skill level 1 in Short Blades
   930 | D:2      | Reached skill level 1 in Long Blades
   930 | D:2      | Reached skill level 1 in Axes
   930 | D:2      | Reached skill level 1 in Maces & Flails
   930 | D:2      | Reached skill level 1 in Staves
   930 | D:2      | Reached skill level 1 in Slings
   930 | D:2      | Reached skill level 1 in Bows
   930 | D:2      | Reached skill level 1 in Crossbows
   930 | D:2      | Reached skill level 1 in Throwing
   930 | D:2      | Reached skill level 1 in Armour
   930 | D:2      | Reached skill level 1 in Dodging
   930 | D:2      | Reached skill level 1 in Stealth
   930 | D:2      | Reached skill level 1 in Shields
   930 | D:2      | Reached skill level 1 in Unarmed Combat
   930 | D:2      | Reached skill level 1 in Conjurations
   930 | D:2      | Reached skill level 1 in Hexes
   930 | D:2      | Reached skill level 1 in Summonings
   930 | D:2      | Reached skill level 1 in Necromancy
   930 | D:2      | Reached skill level 1 in Translocations
   930 | D:2      | Reached skill level 1 in Transmutations
   930 | D:2      | Reached skill level 1 in Ice Magic
   930 | D:2      | Reached skill level 1 in Air Magic
   930 | D:2      | Reached skill level 1 in Earth Magic
   930 | D:2      | Reached skill level 1 in Poison Magic
   930 | D:2      | Reached skill level 1 in Invocations
   930 | D:2      | Reached skill level 1 in Evocations
   930 | D:2      | Reached XP level 4. HP: 21/41 MP: 8/8
  1157 | D:2      | Reached XP level 5. HP: 47/47 MP: 9/9
  1708 | D:2      | You fall into a shaft and drop 2 floors!
  1724 | D:4      | Noticed Menkaure
  1729 | D:4      | Killed Menkaure
  1730 | D:4      | Reached XP level 6. HP: 13/53 MP: 11/11
  2159 | D:3      | Noticed Jessica
  2168 | D:3      | Killed Jessica
  2213 | D:3      | Found a basalt altar of Yredelemnul.
  2257 | D:3      | Noticed Robin
  2270 | D:3      | Killed Robin
  2607 | D:3      | Found a runed translucent door.
  2608 | D:3      | Noticed Crazy Yiuf
  2982 | D:3      | Noticed Terence
  2988 | D:3      | Killed Terence
  2989 | D:3      | Reached XP level 7. HP: 55/59 MP: 12/12
  3028 | D:3      | Noticed Ijyb
  3037 | D:3      | Killed Ijyb
  3153 | D:3      | Killed Crazy Yiuf
  3308 | D:4      | Noticed Duvessa
  3309 | D:4      | Noticed Dowan
  3321 | D:4      | Killed Duvessa
  3324 | D:4      | Killed Dowan
  3385 | D:4      | Noticed Pargi
  3408 | D:4      | Reached XP level 8. HP: 23/67 MP: 14/14
  3422 | D:4      | Killed Pargi
  4158 | D:5      | Entered Level 5 of the Dungeon
  4496 | D:5      | Found a blossoming altar of Fedhas.
  4513 | D:5      | HP: 2/67 [centaur/arrow (5)]
  4514 | D:5      | Shot with an arrow by a centaur

Illustrated notes

Levels and vault maps discovered:
D:1:      heliophobic_arrival_battle_scene, layout_loops_ring,
          dreamdust_ecumenical_altar_statues
D:2:      layout_basic
D:3:      layout_rooms, mainiacjoe_overflow_tiny_flanked,
          minmay_misc_feat_secret_circle, uniq_robin, uniq_jessica,
          uniq_crazy_yiuf_cottage, uniq_terence, uniq_ijyb
D:4:      layout_loops_ring, minmay_manual_moon, uniq_pargi, uniq_duvessa,
          uniq_menkaure
D:5:      layout_loops_ring, fedhas_bush_and_centaur_altar,
          minmay_temple_entry_purple_smoke

Skill      XL: |  1  2  3  4  5  6  7  8 |
---------------+-------------------------+-----
Short Blades   | 1 2 3 |  3.4
Long Blades    | 1 2 3 |  3.4
Axes           | 1 2 3 |  3.4
Maces & Flails | 1 2 3 |  3.4
Staves         | 1 2 3 |  3.4
Slings         | 1 2 3 |  3.4
Bows           | 1 2 3 |  3.4
Crossbows      | 1 2 3 |  3.4
Throwing       | 1 2 3 |  3.4
Armour         | 1 2 3 |  3.6
Dodging        | 1 2 3 |  3.4
Stealth        | 1 2 3 |  3.4
Shields        | 1 2 3 |  3.4
Unarmed Combat | 1 2 3 |  3.4
Spellcasting   | 3 4 |  4.4
Conjurations   | 1 2 |  2.7
Hexes          | 1 2 |  2.7
Summonings     | 1 2 |  2.7
Necromancy     | 1 2 |  2.7
Translocations | 1 2 |  2.7
Transmutations | 1 2 |  2.7
Ice Magic      | 1 2 |  2.7
Air Magic      | 1 2 |  2.7
Earth Magic    | 1 2 |  2.7
Poison Magic   | 1 2 |  2.7
Invocations    | 1 2 3 |  3.7
Evocations     | 1 2 3 |  3.4
Fighting       | 7 |  7.4
Polearms       | 7 |  7.4
Fire Magic     | 6 |  6.2

Action                   |  1- 3 |  4- 6 |  7- 9 || total
-------------------------+-------+-------+-------++-------
Melee: Spear             |    42 |       |       ||    42
       Bite              |     3 |     3 |    16 ||    22
       Mace              |     9 |    98 |   137 ||   244
       Punch             |     1 |     2 |     4 ||     7
  Use: Scroll            |     3 |       |    11 ||    14
       Potion            |       |       |     2 ||     2
Armor: Plate armour      |    28 |   110 |   134 ||   272
Dodge: Dodged            |     9 |    40 |    48 ||    97

Table legend: (Time is in decaauts)
 A = Elapsed time spent in this place.
 B = Non-inter-level travel time spent in this place.
 C = Inter-level travel time spent in this place.
 D = Time resting spent in this place.
 E = Time spent auto-exploring this place.
 F = Levels seen in this place.
 G = Mean time per level.
                   A        B        C        D        E       F      G
               +--------+--------+--------+--------+--------+-----+--------+
         Total |   4573 |   4428 |    145 |   1053 |   2692 |   5 |  914.6 |
       Dungeon |   4573 |   4428 |    145 |   1053 |   2692 |   5 |  914.6 |
               +--------+--------+--------+--------+--------+-----+--------+

Top non-repeatable levels by time:
     D:4: 1304 daAuts
     D:3: 1111 daAuts
     D:2: 1011 daAuts
     D:1: 780 daAuts
     D:5: 365 daAuts
